AoeStats
← 乳不巨何以聚人心

Nomad

509618090Analyzed
4v4 RM · 5d ago on Sep 27, 2026· 36m 36s· 8 players
Game mode
Random Map
Map size
231×231
Population
200
Speed
Normal
Resources
Standard
Victory
Conquest
Starting age
Dark Age
Ending age
Imperial Age
RankedLock teamsTeams togetherTeam positionsShared explorationLock speedFull tech treeHidden civsTurbo modeCheats
Victory
Defeat
🇪🇪 Danes · Estonia
1333
+11
🇬🇧 Armenians · United Kingdom
1122
+19
🇮🇪 Varangians · Ireland
1115
+19
🇭🇰 Koreans · Hong Kong SAR China
1090
+21
🇮🇳 Romans · India
1214
-18
🇭🇰 Danes · Hong Kong SAR China
1206
-18
🇭🇰 Mongols · Hong Kong SAR China
1191
-17
🇲🇹 Huns · Malta
1176
-17
NaBhai
4:54 Loom
13:12 Feudal Age
17:30 Castle Age
15:50 Double-Bit Axe
16:02 Fishing Lines
18:00 Fletching
19:28 Bow Saw
19:21 Padded Archer Armor
19:21 Bodkin Arrow
27:39 Scale Mail Armor
27:49 Forging
28:46 Chain Mail Armor
28:10 Pikeman
28:12 Man-at-Arms
30:05 Iron Casting
30:00 Squires
30:16 Long Swordsman
GabeUtseqs
3:30 Loom
14:09 Feudal Age
18:08 Castle Age
17:27 Fletching
19:43 Bodkin Arrow
wilsonso35
3:34 Loom
14:41 Feudal Age
16:01 Wheelbarrow
16:00 Double-Bit Axe
21:30 Castle Age
19:52 Horse Collar
20:18 Gold Mining
21:32 Fletching
22:51 Bow Saw
乳不巨何以聚人心
12:39 Loom
15:23 Feudal Age
17:09 Double-Bit Axe
19:46 Castle Age
Sean1407
5:51 Loom
18:02 Feudal Age
18:36 Double-Bit Axe
19:47 Bloodlines
20:04 Forging
20:00 Scale Barding Armor
22:35 Fishing Lines
24:26 Horse Collar
30:54 Castle Age
30:23 Fletching
30:43 Gold Mining
30:43 Stone Mining
30:51 Stone Mining
32:17 Iron Casting
32:23 Stone Shaft Mining
31:44 Light Cavalry
32:36 Treadmill Crane
32:53 Murder Holes
33:19 Ballistics
34:59 Husbandry
34:59 Bodkin Arrow
36:07 Masonry
Botgamer928
5:21 Loom
15:36 Feudal Age
16:08 Man-at-Arms
16:37 Arson
17:45 Forging
17:25 Long Swordsman
18:53 Scale Mail Armor
28:54 Castle Age
27:32 Horse Collar
27:39 Double-Bit Axe
28:44 Fishing Lines
35:17 Fletching
35:50 Ballistics
36:37 Bodkin Arrow
36:42 Padded Archer Armor
Persians
7:36 Loom
13:39 Feudal Age
14:14 Town Watch
14:17 Double-Bit Axe
14:10 Man-at-Arms
18:07 Fletching
18:34 Arson
23:51 Padded Archer Armor
32:28 Castle Age
33:23 Horse Collar
33:10 Crossbowman
33:46 Bodkin Arrow
34:47 Leather Archer Armor
35:28 Wheelbarrow
I just want to farm!!!
4:13 Loom
5:41 Loom
15:17 Feudal Age
20:12 Castle Age
18:44 Double-Bit Axe
20:57 Forging
21:31 Bow Saw
21:03 Horse Collar
21:15 Stone Mining
22:39 Fletching
23:08 Heavy Plow
24:47 Gold Mining
25:31 Bodkin Arrow
26:28 Stone Shaft Mining
29:36 Wheelbarrow
31:11 Clinker Construction
31:43 Fishing Lines
31:57 Fishing Lines
33:29 Iron Casting
36:52 Imperial Age
35:02 Ballistics
34:57 Careening
35:07 Treadmill Crane
36:59 Hand Cart
36:29 Town Watch
Connection lost

Rejoining the realm…

Still unreachable

The connection could not be restored.

Session expired

The server has moved on; the page needs a fresh start.